 Dungeon Crawl Stone Soup version 0.27-a0-109-g416527ed24 (webtiles) character file.

Game seed: 903312936320016961

54 dickylongcocking the Firebug (level 4, -6/30 HPs)
             Began as a Human Fire Elementalist on Jan 24, 2021.
             Mangled by a gnoll
             ... wielding a +0 spear of venom
              (8 damage)
             ... on level 2 of the Dungeon.
             The game lasted 00:01:59 (1205 turns).

dickylongcocking the Firebug (HuFE)                 Turns: 1205, Time: 00:01:59

Health: -6/30      AC:  2    Str:  7 (8)  XL:     4   Next: 12%
Magic:  0/8        EV: 12    Int: 14 (17) God:
Gold:   47         SH:  0    Dex: 10 (13) Spells: 7/8 levels left

rFire    . . .     SeeInvis .   c - +0 spear
rCold    . . .     Faith    .   (no shield)
rNeg     + . .     Spirit   .   a - +0 robe
rPois    .         Reflect  .   (no helmet)
rElec    .         Harm     .   (no cloak)
rCorr    .         Rampage  .   (no gloves)
Will     +....                  (no boots)
Stlth    ++........             (no amulet)
HPRegen  0.10/turn              d - ring of positive energy
MPRegen  0.11/turn              n - ring of willpower (curse)

@: lethally poisoned (-6 -> -7)
A: no striking features
a: no special abilities


You were on level 2 of the Dungeon.
You visited 1 branch of the dungeon, and saw 2 of its levels.

You collected 47 gold pieces.

Inventory:

Hand Weapons
 c - a +0 spear (weapon)
Armour
 a - a +0 robe (worn)
Jewellery
 d - a ring of positive energy (left hand)
 n - a cursed ring of willpower (right hand)
Scrolls
 b - a scroll of noise {unknown}
 f - a scroll of blinking {unknown}
 g - 3 scrolls of enchant armour {unknown}
 h - 2 scrolls of remove curse {unknown}
 k - 2 scrolls of magic mapping {unknown}


   Skills:
 + Level 0.1 Polearms
 + Level 2.1 Dodging
 + Level 2.2 Stealth
 + Level 2.8 Spellcasting
 + Level 1.4 Conjurations
 + Level 3.7 Fire Magic


You had 7 spell levels left.
You knew the following spells:

 Your Spells              Type           Power        Failure   Level
a - Foxfire               Conj/Fire      36%          8%          1

Your spell library contained the following spells:

 Spells                   Type           Power        Failure   Level
 Conjure Flame            Conj/Fire      9%           22%         3
 Inner Flame              Hex/Fire       7%           30%         3
 Sticky Flame             Conj/Fire      9%           58%         4
 Fireball                 Conj/Fire      4%           91%         5


Dungeon Overview and Level Annotations

Branches:
Dungeon (2/15)

Altars:


Message History

You feel sick.
Casting: Foxfire (safe; 8% risk of failure)
Confirm with . or Enter, or press ? or * to list all spells.
You conjure some foxfire!
The gnoll misses you.
Unknown command.
Unknown command.
Your foxfire dissipates!
The foxfire hits the gnoll but does no damage.
The gnoll is almost dead.
There is a stone staircase leading down here.
* * * LOW HITPOINT WARNING * * *
You feel sick.
You feel a little less mighty now.
* * * LOW HITPOINT WARNING * * *
You feel sick.
Casting: Foxfire (safe; 8% risk of failure)
Confirm with . or Enter, or press ? or * to list all spells.
You conjure some foxfire!
The gnoll hits you from afar with a +0 spear of venom!
You die...

######### #####.......##
####.....#####..##
#........# #...####
#........# #.......
#....###.### #...####
##.#.# #.#.###.......
######.#.###.........#...
.....<...@vgg..>........##
#########v####....##..####
#.# ##.#.##.># # #.#
#.#.##..# #
#.#####.#.##..# #
#.......)<....# #
#............## #
....###.#.#### . ....
....†.. .


You could see 2 gnolls.

Vanquished Creatures
  A gnoll (D:2)
  3 dart slugs
  A ball python (D:1)
  4 giant cockroaches
  5 goblins
  5 hobgoblins
  5 kobolds
  9 bats
  3 frilled lizards
  A rat (D:2)
37 creatures vanquished.

Vanquished Creatures (others)
  102 foxfires
102 creatures vanquished.

Grand Total: 139 creatures vanquished

Notes
Turn   | Place    | Note
-------+----------+-------------------------------------------
     0 | D:1      | dickylongcocking the Human Fire Elementalist began the
                  | quest for the Orb.
     0 | D:1      | Reached XP level 1. HP: 13/13 MP: 3/3
    91 | D:1      | Reached XP level 2. HP: 18/19 MP: 0/5
   598 | D:1      | Reached XP level 3. HP: 20/24 MP: 1/6
  1175 | D:2      | Reached XP level 4. HP: 15/30 MP: 1/8
  1205 | D:2      | Mangled by a gnoll

Illustrated notes

Levels and vault maps discovered:
D:1:      heliophobic_arrival_enchanted_forest, layout_rooms
D:2:      layout_loops_ring

Action                   |  1- 3 |  4- 6 || total
-------------------------+-------+-------++-------
Melee: Spear             |    20 |       ||    20
 Cast: Foxfire           |    60 |     4 ||    64
  Use: Potion            |     6 |       ||     6
Armor: Robe              |     9 |       ||     9
Dodge: Dodged            |    42 |     3 ||    45

Table legend: (Time is in decaauts)
 A = Elapsed time spent in this place.
 B = Non-inter-level travel time spent in this place.
 C = Inter-level travel time spent in this place.
 D = Time resting spent in this place.
 E = Time spent auto-exploring this place.
 F = Levels seen in this place.
 G = Mean time per level.
                   A        B        C        D        E       F      G
               +--------+--------+--------+--------+--------+-----+--------+
         Total |   1205 |   1194 |     11 |      0 |    895 |   2 |  602.5 |
       Dungeon |   1205 |   1194 |     11 |      0 |    895 |   2 |  602.5 |
               +--------+--------+--------+--------+--------+-----+--------+

Top non-repeatable levels by time:
     D:1: 856 daAuts
     D:2: 348 daAuts
